[Event "December 12 Early 2023"]
[Site "https://www.chess.com"]
[Date "2023.12.12"]
[Round "2"]
[White "Kononenko, Dmitry"]
[Black "Lysyj, Igor"]
[Result "0-1"]
[Board "61"]
[TimeControl "180+1"]
[WhiteFideId "14113538"]
[BlackFideId "4150120"]
[WhiteElo "2549"]
[BlackElo "2795"]
[WhiteTeam "UKR"]
[BlackTeam "FID"]
[WhiteClock "0:00:00"]
[BlackClock "0:00:18"]

1. d4 d5 2. c4 e6 3. Nf3 Nf6 4. g3 Be7 5. Bg2 O-O 6. O-O dxc4 7. Qc2 a6 8. a4 Bd7 9. Qxc4 Bc6 10. Bg5 Nbd7 11. Nbd2 h6 12. Bf4 Nd5 13. Ne5 Nxe5 14. Bxe5 Rc8 15. e4 Nb4 16. Nb3 b6 17. Rfd1 a5 18. Rac1 Bxa4 19. d5 exd5 20. exd5 Bd6 21. Re1 b5 22. Qc3 Bxe5 23. Rxe5 Na2 24. Qxa5 Bxb3 25. Rce1 Qd6 26. R5e3 Bxd5 27. Rd1 Nb4 28. Qxb5 c6 29. Qe2 Qf6 30. Bh3 Rb8 31. b3 Ra8 32. Qg4 Ra1 33. Ree1 Rxd1 34. Rxd1 Be6 35. Qxb4 Bxh3 36. Qe4 Qe6 37. Qd3 Bg4 38. Rc1 Bh3 0-1

[Event "December 12 Early 2023"]
[Site "https://www.chess.com"]
[Date "2023.12.12"]
[Round "2"]
[White "Santos Flores, Alberto"]
[Black "Wagh Suyog"]
[Result "0-1"]
[Board "62"]
[TimeControl "180+1"]
[WhiteFideId "3601234"]
[BlackFideId "25071688"]
[WhiteElo "2549"]
[BlackElo "2790"]
[WhiteTeam "ECU"]
[BlackTeam "IND"]
[WhiteClock "0:00:00"]
[BlackClock "0:00:05"]

1. e4 c5 2. Nf3 d6 3. Bb5+ Nd7 4. d4 cxd4 5. Qxd4 a6 6. Bxd7+ Bxd7 7. Nc3 Nf6 8. Bg5 e6 9. O-O-O Be7 10. e5 dxe5 11. Nxe5 Bc6 12. Nxc6 bxc6 13. Qxd8+ Rxd8 14. Rxd8+ Kxd8 15. Rd1+ Kc8 16. Bxf6 Bxf6 17. Ne4 Be7 18. Nd6+ Bxd6 19. Rxd6 Kc7 20. Rd3 h5 21. c4 c5 22. Kc2 g5 23. a3 Rb8 24. Kc3 a5 25. b3 f5 26. g3 Kc6 27. Re3 Kd6 28. Rd3+ Kc6 29. Rd1 g4 30. Rb1 h4 31. b4 axb4+ 32. axb4 cxb4+ 33. Rxb4 Ra8 34. Rb2 Ra3+ 35. Kd4 h3 36. Ke5 Rf3 37. Kxe6 Kc5 38. Rc2 f4 39. Ke5 fxg3 40. fxg3 Rf1 41. Ke4 Rf8 42. Ke3 Rf3+ 43. Ke2 Rf5 44. Rc1 Rf3 45. Rc2 Rf7 46. Ke3 Rf3+ 47. Ke4 Rf8 48. Ke5 Rf1 49. Re2 Rf3 50. Re4 Rf2 51. Rxg4 Rxh2 52. Rh4 Re2+ 53. Kf5 h2 54. g4 Kxc4 55. g5+ Kd5 56. g6 Rf2+ 57. Kg5 Rg2+ 58. Kf6 Rf2+ 59. Ke7 Re2+ 60. Kf7 Rf2+ 61. Kg8 Ke6 62. g7 Rg2 63. Kh8 Kf7 64. Rf4+ Ke7 65. Rf1 Rg1 66. g8=Q h1=Q+ 67. Qh7+ Qxh7+ 68. Kxh7 Rxf1 0-1

[Event "December 12 Early 2023"]
[Site "https://www.chess.com"]
[Date "2023.12.12"]
[Round "2"]
[White "Alexandre, Anne Shopie Elizabeth"]
[Black "Karas, Marek"]
[Result "1-0"]
[Board "63"]
[TimeControl "180+1"]
[WhiteFideId "11902418"]
[BlackFideId "14928558"]
[WhiteElo "2787"]
[BlackElo "2545"]
[WhiteTeam "HAI"]
[BlackTeam "CZE"]
[WhiteClock "0:01:22"]
[BlackClock "0:00:00"]

1. e4 e6 2. d4 d5 3. Nc3 Nf6 4. e5 Nfd7 5. f4 c5 6. Nf3 Nc6 7. Be3 Be7 8. Qd2 O-O 9. Ne2 b6 10. c3 f5 11. h3 Ba6 12. g4 Bxe2 13. Bxe2 cxd4 14. Nxd4 Nxd4 15. cxd4 Bh4+ 16. Kf1 fxg4 17. hxg4 g6 18. Kg2 Be7 19. Rac1 Rf7 20. Rc6 Nf8 21. Rhc1 Qe8 22. Qc2 Bd8 23. b4 Qe7 24. a3 a5 25. Qb3 axb4 26. axb4 Rg7 27. Rc8 Rxc8 28. Rxc8 h5 29. g5 Bc7 30. Bb5 Qf7 31. Qd3 Qf5 32. Qxf5 gxf5 33. Be2 h4 34. Kh3 Kh7 35. Kxh4 Ng6+ 36. Kg3 Rd7 37. Bb5 Re7 38. Kf3 Kg7 39. Bd3 Kf7 40. b5 Nh4+ 41. Kf2 Ng6 42. Bd2 Rd7 43. Ke3 Ne7 44. Rh8 Kg7 45. Rh6 Ng6 46. Be2 Rd8 47. Bh5 Nf8 48. Rf6 Rd7 49. Bb4 Rd8 50. Rf7+ 1-0

[Event "December 12 Early 2023"]
[Site "https://www.chess.com"]
[Date "2023.12.12"]
[Round "2"]
[White "Matyunin, Maxim"]
[Black "Tatarinov, Dmitry"]
[Result "0-1"]
[Board "64"]
[TimeControl "180+1"]
[WhiteFideId "34106682"]
[BlackFideId "24160067"]
[WhiteElo "2541"]
[BlackElo "2784"]
[WhiteTeam "RUS"]
[BlackTeam "RUS"]
[WhiteClock "0:00:00"]
[BlackClock "0:00:53"]

1. d4 Nf6 2. Nf3 g6 3. c4 Bg7 4. Nc3 O-O 5. Bg5 d6 6. e3 Qe8 7. Be2 Nbd7 8. O-O e5 9. d5 a5 10. b3 e4 11. Nd4 h6 12. Bh4 Nc5 13. Qc2 c6 14. Rae1 cxd5 15. Bxf6 Bxf6 16. Nxd5 Bd8 17. f3 Be6 18. fxe4 Bxd5 19. cxd5 Bb6 20. Rf6 Nxe4 21. Re6 fxe6 22. Qxe4 exd5 23. Qxd5+ Qf7 24. Qxf7+ Kxf7 25. Bc4+ Ke7 26. Nb5 Rf5 27. g4 Re5 28. Nc3 Bc5 29. Kg2 Rf8 30. Nd5+ Kd8 31. e4 h5 32. h3 h4 33. Re2 g5 34. Rc2 Rxe4 35. a3 Re1 36. b4 axb4 37. axb4 Bd4 38. Bb5 Rg1+ 39. Kh2 Rf2+ 40. Rxf2 Bxf2 41. Bd3 Rd1 42. Be4 Rd4 43. Bf3 Bg3+ 44. Kg2 Rd2+ 45. Kg1 b5 46. Nc3 Rb2 47. Nxb5 Rxb4 48. Na7 Rb2 49. Nc6+ Kc7 0-1

[Event "December 12 Early 2023"]
[Site "https://www.chess.com"]
[Date "2023.12.12"]
[Round "2"]
[White "Yuan, Qingyu"]
[Black "Kazmin, Semen"]
[Result "1-0"]
[Board "65"]
[TimeControl "180+1"]
[WhiteFideId "8609772"]
[BlackFideId "34171409"]
[WhiteElo "2778"]
[BlackElo "2540"]
[WhiteTeam "CHN"]
[BlackTeam "RUS"]
[WhiteClock "0:00:32"]
[BlackClock "0:00:02"]

1. e4 e6 2. d4 d5 3. Nd2 h6 4. c3 Nf6 5. e5 Nfd7 6. f4 c5 7. Ndf3 Nc6 8. Bd3 Be7 9. Ne2 g5 10. h3 Rg8 11. g4 f6 12. Ng3 gxf4 13. Bxf4 fxe5 14. dxe5 Bh4 15. O-O c4 16. Bh7 Rg7 17. Bc2 Bxg3 18. Bxg3 h5 19. g5 Qb6+ 20. Kh1 Qxb2 21. Qd2 Qa3 22. g6 Nf8 23. Qh6 Rg8 24. g7 Qxc3 25. gxf8=Q+ Rxf8 26. Bg6+ Kd7 27. Qxf8 Kc7 28. Qd6+ Kb6 29. Rab1+ Ka6 30. Qc5 b6 31. Qxc6 Qa3 32. Qxa8 Bb7 33. Qe8 d4 34. Qb5# 1-0

[Event "December 12 Early 2023"]
[Site "https://www.chess.com"]
[Date "2023.12.12"]
[Round "2"]
[White "Lagarde, Maxime"]
[Black "Jimenez Almeida, Luis David"]
[Result "1-0"]
[Board "66"]
[TimeControl "180+1"]
[WhiteFideId "662399"]
[BlackFideId "22242244"]
[WhiteElo "2773"]
[BlackElo "2540"]
[WhiteTeam "FRA"]
[BlackTeam "ESP"]
[WhiteClock "0:00:51"]
[BlackClock "0:00:13"]

1. d4 g6 2. Nf3 Bg7 3. Bg5 c5 4. c3 Nf6 5. e3 Qb6 6. Qb3 O-O 7. Nbd2 d6 8. Be2 Be6 9. Qxb6 axb6 10. a3 h6 11. Bh4 g5 12. Bg3 Bf5 13. h3 Nbd7 14. O-O Ne4 15. Nxe4 Bxe4 16. Nd2 Bc6 17. Bf3 Bxf3 18. Nxf3 f5 19. Rfe1 d5 20. Rad1 e6 21. Bd6 Rfc8 22. g4 Rc6 23. Bg3 fxg4 24. hxg4 Rf8 25. Kg2 Nf6 26. Ne5 Rcc8 27. f3 Rfd8 28. Kf2 Nd7 29. Nd3 Kf7 30. Ke2 Kg6 31. Rh1 Re8 32. f4 cxd4 33. exd4 gxf4 34. Nxf4+ Kf7 35. Nh5 Bh8 36. Rdf1+ Kg8 37. Kd1 e5 38. dxe5 Nxe5 39. Nf6+ Bxf6 40. Rxf6 Nf7 41. Rxb6 Re7 42. Bf4 Kg7 43. Bxh6+ Nxh6 44. Rbxh6 Rc4 45. Rh7+ Kf8 46. Rf1+ Ke8 47. Rxe7+ Kxe7 48. Rg1 Kf6 49. g5+ Kg6 50. Kd2 d4 51. Kd3 Rc7 52. cxd4 1-0

[Event "December 12 Early 2023"]
[Site "https://www.chess.com"]
[Date "2023.12.12"]
[Round "2"]
[White "Gan-Erdene, Sugar"]
[Black "Spyropoulos, Nikolaos"]
[Result "1-0"]
[Board "68"]
[TimeControl "180+1"]
[WhiteFideId "4902980"]
[BlackFideId "4298977"]
[WhiteElo "2761"]
[BlackElo "2538"]
[WhiteTeam "MGL"]
[BlackTeam "GRE"]
[WhiteClock "0:00:18"]
[BlackClock "0:00:00"]

1. d4 Nf6 2. c4 e6 3. g3 Bb4+ 4. Nc3 d6 5. Bg2 O-O 6. Nf3 Nbd7 7. O-O Bxc3 8. bxc3 e5 9. Qc2 Re8 10. Re1 Qe7 11. a4 e4 12. Nh4 Nb6 13. Qb3 Be6 14. d5 Bc8 15. a5 Nbd7 16. Nf5 Qe5 17. Nd4 Nc5 18. Qc2 Qh5 19. f3 exf3 20. Bxf3 Bg4 21. Ba3 Re7 22. Rab1 Rae8 23. Rf1 Nce4 24. Rxb7 Ng5 25. Bc1 Nh3+ 26. Kh1 Bxf3+ 27. exf3 Re1 28. Kg2 g6 29. Rxc7 Rxf1 30. Kxf1 Ng5 31. Qg2 Nge4 32. g4 Qh4 33. fxe4 Rxe4 34. Nf3 Qxg4 35. Qxg4 Nxg4 36. Ng5 Re5 37. h3 1-0

[Event "December 12 Early 2023"]
[Site "https://www.chess.com"]
[Date "2023.12.12"]
[Round "2"]
[White "Colbow, Collin"]
[Black "Gabrielian, Artur"]
[Result "0-1"]
[Board "69"]
[TimeControl "180+1"]
[WhiteFideId "16201132"]
[BlackFideId "4131002"]
[WhiteElo "2538"]
[BlackElo "2760"]
[WhiteTeam "GER"]
[BlackTeam "RUS"]
[WhiteClock "0:00:01"]
[BlackClock "0:01:55"]

1. b3 Nf6 2. Bb2 g6 3. Nf3 Bg7 4. g3 O-O 5. Bg2 d6 6. d4 b5 7. O-O Bb7 8. c4 bxc4 9. bxc4 Nbd7 10. Nbd2 a5 11. Rb1 Rb8 12. Qc2 Re8 13. Bc3 c5 14. d5 Qc7 15. Qa4 Ra8 16. Rb2 Nxd5 17. Bxg7 N5b6 18. Rxb6 Nxb6 19. Qb5 Kxg7 20. Rb1 Ra6 21. Qxe8 Bc6 22. Qxf7+ Kxf7 23. Ng5+ Ke8 24. Ne6 Qc8 25. Bxc6+ Qxc6 26. Ne4 Qxe4 27. Nc7+ Kf7 28. Nxa6 Qxb1+ 0-1

[Event "December 12 Early 2023"]
[Site "https://www.chess.com"]
[Date "2023.12.12"]
[Round "2"]
[White "Asish Panda"]
[Black "Weetik, Vjacheslav"]
[Result "1-0"]
[Board "70"]
[TimeControl "180+1"]
[WhiteFideId "45012458"]
[BlackFideId "4153472"]
[WhiteElo "2537"]
[BlackElo "2759"]
[WhiteTeam "IND"]
[BlackTeam "RUS"]
[WhiteClock "0:00:54"]
[BlackClock "0:00:00"]

1. e4 c6 2. c4 e5 3. Nc3 d6 4. g3 g6 5. Bg2 Bg7 6. Nge2 Nd7 7. O-O Ngf6 8. d4 O-O 9. h3 a6 10. Be3 b5 11. cxb5 axb5 12. b3 Ba6 13. Rc1 Re8 14. Qd2 b4 15. Na4 exd4 16. Nxd4 c5 17. Nc2 Bxf1 18. Kxf1 Nxe4 19. Bxe4 Rxe4 20. Qxd6 Qc8 21. Rd1 Ne5 22. Kg2 Nc4 23. Qd5 Nxe3+ 24. Nxe3 Rd4 25. Rxd4 cxd4 26. Nb6 Qf8 27. Qxa8 dxe3 28. fxe3 Be5 29. Kf3 Bd6 30. g4 1-0

[Event "December 12 Early 2023"]
[Site "https://www.chess.com"]
[Date "2023.12.12"]
[Round "2"]
[White "Goh, Wei Ming Kevin"]
[Black "Eilers, Stefan"]
[Result "1-0"]
[Board "71"]
[TimeControl "180+1"]
[WhiteFideId "5800706"]
[BlackFideId "4609565"]
[WhiteElo "2758"]
[BlackElo "2534"]
[WhiteTeam "SGP"]
[BlackTeam "GER"]
[WhiteClock "0:01:28"]
[BlackClock "0:00:26"]

1. e4 Nc6 2. Nf3 d6 3. h3 Nf6 4. Nc3 e5 5. d4 Be7 6. Bb5 exd4 7. Nxd4 Bd7 8. O-O O-O 9. Bf4 a6 10. Be2 Re8 11. Re1 h6 12. Bf1 Bf8 13. Qd2 b5 14. a3 Ne5 15. Kh1 c6 16. Rad1 Qb6 17. Be3 Qc7 18. f4 Nc4 19. Bxc4 bxc4 20. Bg1 Rab8 21. e5 dxe5 22. fxe5 Nh5 23. Bh2 Be6 24. g4 Rxb2 25. gxh5 Bxa3 26. Nxe6 Rxe6 27. Ne4 Kh7 28. Qc3 Ra2 29. Qxc4 Rb2 30. Qc3 Ra2 31. Qb3 1-0

[Event "December 12 Early 2023"]
[Site "https://www.chess.com"]
[Date "2023.12.12"]
[Round "2"]
[White "Durucay, Uygar"]
[Black "Gormally, Daniel W"]
[Result "0-1"]
[Board "72"]
[TimeControl "180+1"]
[WhiteFideId "44591560"]
[BlackFideId "406465"]
[WhiteElo "2532"]
[BlackElo "2757"]
[WhiteTeam "TUR"]
[BlackTeam "ENG"]
[WhiteClock "0:00:03"]
[BlackClock "0:00:49"]

1. d4 Nf6 2. Nf3 e6 3. Bg5 b6 4. Nbd2 Bb7 5. c3 h6 6. Bh4 Be7 7. Qc2 c5 8. e3 cxd4 9. exd4 O-O 10. Bd3 Nc6 11. O-O Rc8 12. Qa4 a6 13. Qd1 b5 14. a4 b4 15. c4 Nh5 16. Bxe7 Nxe7 17. Re1 a5 18. Nb3 d6 19. Be4 Bxe4 20. Rxe4 Nf6 21. Re1 Rxc4 22. Qd3 Rc8 23. Qb5 Ra8 24. Rac1 Ned5 25. Nfd2 Qd7 26. Qxd7 Nxd7 27. Nc4 N7b6 28. Nbxa5 Nxa4 29. Ra1 Nab6 30. Nxd6 Rfd8 31. Nab7 Rxa1 32. Rxa1 Rd7 33. Rc1 b3 34. Rc6 Na4 35. Nc5 Nxc5 36. dxc5 Ra7 37. g3 Ra1+ 38. Kg2 Rb1 39. Nc4 Rc1 40. Rc8+ Kh7 41. Na5 Rc2 42. Nxb3 Rxb2 43. Nd4 Rd2 44. Nb5 Ne3+ 45. Kf3 Nd1 46. c6 Rxf2+ 47. Ke4 Rb2 48. c7 Rxb5 49. Rh8+ Kxh8 50. c8=Q+ Kh7 51. Qc2 Rd5 52. Kf3+ g6 53. g4 Kg7 54. h4 g5 55. h5 Rd4 56. Qc1 Rf4+ 57. Ke2 Nf2 58. Qa1+ Kh7 59. Qb1+ Kg8 60. Qb8+ Kg7 61. Qb2+ Kh7 62. Qb1+ Ne4 63. Qb7 Kg7 64. Qb2+ Nf6 65. Qd2 Rxg4 66. Qa5 Rh4 67. Qe5 Re4+ 0-1

[Event "December 12 Early 2023"]
[Site "https://www.chess.com"]
[Date "2023.12.12"]
[Round "2"]
[White "Haug, Havard"]
[Black "Tay, Junior"]
[Result "1-0"]
[Board "73"]
[TimeControl "180+1"]
[WhiteFideId "1547887"]
[BlackFideId "5800439"]
[WhiteElo "2753"]
[BlackElo "2530"]
[WhiteTeam "NOR"]
[BlackTeam "SGP"]
[WhiteClock "0:00:47"]
[BlackClock "0:00:06"]

1. d4 d5 2. Nc3 e6 3. Bf4 Bd6 4. Bxd6 cxd6 5. Nf3 Nf6 6. e3 O-O 7. Bd3 Nc6 8. O-O e5 9. Be2 e4 10. Nd2 Re8 11. Re1 Ne7 12. Nf1 Nf5 13. Ng3 Nh4 14. Bf1 Bg4 15. Be2 Bd7 16. Qd2 Rc8 17. Rac1 Qb6 18. Nd1 Bb5 19. b3 Bxe2 20. Qxe2 Qa5 21. c4 dxc4 22. bxc4 d5 23. c5 b6 24. Nb2 bxc5 25. Nh5 c4 26. Nxf6+ gxf6 27. Qg4+ Ng6 28. h4 Qxa2 29. Nd1 Kh8 30. Nc3 Qa5 31. Qd7 Qc7 32. Qxc7 Rxc7 33. Nxd5 Rc6 34. g3 Rb8 35. Rc2 a5 36. Rec1 a4 37. Rxc4 Rxc4 38. Rxc4 a3 39. Ra4 Rb1+ 40. Kg2 Ra1 41. h5 Nf8 42. h6 a2 43. Ra8 Kg8 44. Ne7+ 1-0

[Event "December 12 Early 2023"]
[Site "https://www.chess.com"]
[Date "2023.12.12"]
[Round "2"]
[White "Zimmermann, Ulrich"]
[Black "Harshavardhan G B"]
[Result "1-0"]
[Board "74"]
[TimeControl "180+1"]
[WhiteFideId "24654523"]
[BlackFideId "25059009"]
[WhiteElo "2525"]
[BlackElo "2747"]
[WhiteTeam "GER"]
[BlackTeam "IND"]
[WhiteClock "0:00:08"]
[BlackClock "0:00:05"]

1. Nf3 c5 2. g3 Nc6 3. Bg2 g6 4. O-O Bg7 5. c4 e5 6. Nc3 Nge7 7. Ne1 d6 8. Nc2 Be6 9. Ne3 O-O 10. a3 a5 11. Rb1 f5 12. d3 Qd7 13. Ned5 Rab8 14. b4 axb4 15. axb4 Nxb4 16. Nxb4 cxb4 17. Rxb4 e4 18. Qb3 Nc6 19. Rb6 Nd4 20. Qb1 Be5 21. dxe4 Bxc4 22. exf5 Rxf5 23. Be3 Qf7 24. Rxb7 Rxb7 25. Qxb7 Qxb7 26. Bxb7 Nc2 27. Bd5+ Bxd5 28. Nxd5 Kf7 29. Rc1 Nxe3 30. Nxe3 Rf6 31. Rc7+ Kg8 32. Ng4 Re6 33. Nh6+ Kh8 34. Nf7+ Kg8 35. Nh6+ Kh8 36. e3 Bf6 37. h4 Re8 38. Kg2 d5 39. Rd7 Bg7 40. Nf7+ Kg8 41. Ng5 d4 42. exd4 h6 43. Nf3 Re2 44. Rd6 Kh7 45. Kf1 Ra2 46. Rd7 Ra1+ 47. Kg2 Kg8 48. Ne5 g5 49. hxg5 hxg5 50. Nf3 g4 51. Ne5 Rd1 52. Nxg4 Bxd4 53. Ne3 Rd2 54. Re7 Ra2 55. Re4 Ba7 56. Ng4 Kg7 57. Rf4 Kg6 58. Ne5+ Kg7 59. Rf7+ Kg8 60. Rf3 Bd4 61. Ng4 Kg7 62. Nh2 Ba7 63. g4 Kg6 64. Rf5 Bb8 65. Nf1 Ba7 66. Ng3 Bb6 67. Nh5 Ba7 68. Kg3 Ra3+ 69. f3 Bb8+ 70. Kh3 Ba7 71. Rf6+ Kg5 72. Rf5+ Kg6 73. Ng3 Bb8 74. Ne4 Ba7 75. Rf6+ Kg7 76. g5 Bd4 77. Rf5 Ra1 78. Kg4 Rg1+ 79. Kf4 Bb2 80. Rd5 Bc1+ 81. Kf5 Bb2 82. Rd7+ Kf8 83. f4 Rf1 84. Nf6 Bc1 85. Kg6 1-0

[Event "December 12 Early 2023"]
[Site "https://www.chess.com"]
[Date "2023.12.12"]
[Round "2"]
[White "Kozak, Antoni"]
[Black "GMFYHR1"]
[Result "1-0"]
[Board "75"]
[TimeControl "180+1"]
[WhiteFideId "21832030"]
[WhiteElo "2744"]
[BlackElo "2508"]
[WhiteTeam "POL"]
[WhiteClock "0:01:52"]
[BlackClock "0:00:01"]

1. Nf3 Nf6 2. c4 g6 3. Nc3 Bg7 4. e4 O-O 5. d4 d6 6. h3 Nbd7 7. Be3 e5 8. d5 Nh5 9. g3 f5 10. exf5 gxf5 11. Ng5 Ndf6 12. Be2 f4 13. Bd2 fxg3 14. Bxh5 gxf2+ 15. Kf1 Nxh5 16. Qxh5 Bf5 17. Ne6 Bxe6 18. dxe6 Qf6 19. Qg4 h5 20. Qxh5 Qxe6 21. Qg4 Qf7 22. Rh2 Rae8 23. Rg2 e4 24. Bh6 Qxc4+ 25. Ne2 Rf7 26. Bxg7 Qe6 27. Qg5 Kh7 28. Qh5+ Kg8 29. Qh8# 1-0

[Event "December 12 Early 2023"]
[Site "https://www.chess.com"]
[Date "2023.12.12"]
[Round "2"]
[White "Gutierrez Olivares, Daniel"]
[Black "Rychkov, Oleg"]
[Result "0-1"]
[Board "76"]
[TimeControl "180+1"]
[WhiteFideId "2264005"]
[BlackFideId "4122852"]
[WhiteElo "2495"]
[BlackElo "2743"]
[WhiteTeam "ESP"]
[BlackTeam "RUS"]
[WhiteClock "0:00:25"]
[BlackClock "0:00:17"]

1. Nf3 Nf6 2. g3 c5 3. Bg2 d5 4. O-O Nc6 5. c4 e6 6. b3 d4 7. e3 Be7 8. Bb2 O-O 9. exd4 cxd4 10. Re1 h6 11. Ne5 Nxe5 12. Rxe5 a6 13. d3 Nd7 14. Re1 e5 15. Nd2 Re8 16. a3 a5 17. Qc2 Bf8 18. Re2 Ra6 19. Rae1 Rae6 20. Bd5 R6e7 21. b4 axb4 22. axb4 Nf6 23. Bg2 Bg4 24. f3 Bf5 25. Ne4 Nxe4 26. fxe4 Bg4 27. Rf2 Rc7 28. Qd2 Qd6 29. c5 Qd7 30. Bf3 Be6 31. Bh5 g6 32. Bd1 Bg7 33. Bc2 Ra8 34. Ra1 Rxa1+ 35. Bxa1 f5 36. Qd1 Rc8 37. Ba4 Qf7 38. Bb2 f4 39. Ba3 g5 40. b5 g4 41. c6 bxc6 42. bxc6 h5 43. Bd6 Rd8 44. gxf4 exf4 45. Bxf4 Qa7 46. Rb2 Rf8 47. Bd6 Rd8 48. Bg3 Ra8 49. Bb3 Bxb3 50. Qxb3+ Kh7 51. c7 Qa1+ 52. Kg2 Qc1 53. Rc2 Qd1 54. c8=Q Rxc8 55. Rb2 Qf3+ 56. Kg1 Rc1+ 0-1

[Event "December 12 Early 2023"]
[Site "https://www.chess.com"]
[Date "2023.12.12"]
[Round "2"]
[White "Krysa, Leandro"]
[Black "Azali, Tannaz"]
[Result "1-0"]
[Board "77"]
[TimeControl "180+1"]
[WhiteFideId "116807"]
[BlackFideId "12537721"]
[WhiteElo "2740"]
[BlackElo "2488"]
[WhiteTeam "ARG"]
[BlackTeam "IRI"]
[WhiteClock "0:00:11"]
[BlackClock "0:00:20"]

1. e4 c5 2. Nf3 e6 3. d4 cxd4 4. Nxd4 Nf6 5. Nc3 Nc6 6. a3 Be7 7. Be2 O-O 8. Be3 d5 9. exd5 Nxd5 10. Nxd5 Qxd5 11. Bf3 Qd7 12. Nxc6 bxc6 13. Qxd7 Bxd7 14. O-O-O Be8 15. Rd3 f5 16. Rhd1 e5 17. Rc3 e4 18. Be2 Bf6 19. Bd4 Kf7 20. Bc4+ Kg6 21. Rg3+ Kh6 22. h4 g6 23. Bc5 Rh8 24. Be3+ Kg7 25. h5 h6 26. hxg6 Be5 27. f4 exf3 28. Rxf3 Kxg6 29. Rdf1 Bd7 30. Bd3 Rhf8 31. g4 Rf6 32. gxf5+ Kh7 33. Rh1 Raf8 34. Rfh3 Bxf5 35. Bxf5+ Rxf5 36. Rxh6+ Kg7 37. Rxc6 Rh8 38. Rxh8 Kxh8 39. Rc5 Kg7 40. Kd2 Kf6 41. c3 Ke6 42. Bd4 Rh5 43. Rxe5+ Rxe5 44. Bxe5 Kxe5 45. Kd3 Kd5 46. a4 a5 47. b4 axb4 48. cxb4 1-0

[Event "December 12 Early 2023"]
[Site "https://www.chess.com"]
[Date "2023.12.12"]
[Round "2"]
[White "Dann, Matthias"]
[Black "Krzyzanowski, Marcin"]
[Result "0-1"]
[Board "78"]
[TimeControl "180+1"]
[WhiteFideId "24638056"]
[BlackFideId "1132199"]
[WhiteElo "2484"]
[BlackElo "2737"]
[WhiteTeam "GER"]
[BlackTeam "POL"]
[WhiteClock "0:00:00"]
[BlackClock "0:00:04"]

1. e4 c5 2. Nf3 d6 3. d4 cxd4 4. Nxd4 Nf6 5. Nc3 a6 6. h3 e5 7. Nf3 Be7 8. Be3 Be6 9. Ng5 O-O 10. Nxe6 fxe6 11. Bc4 Qc8 12. Bb3 b5 13. Qd3 Kh8 14. O-O-O Nc6 15. Kb1 Na5 16. f4 Nc4 17. fxe5 dxe5 18. Bc1 Qc6 19. g4 Bb4 20. g5 Nh5 21. Ne2 a5 22. a4 Rac8 23. axb5 Qxb5 24. Qd7 Qa6 25. Rhf1 Nb6 26. Qd3 Qxd3 27. cxd3 Rfe8 28. Be3 a4 29. Bc2 Bc5 30. Bxc5 Rxc5 31. Rf7 Kg8 32. Rb7 Rc6 33. Nc3 a3 34. Na4 Nc8 35. bxa3 Nf4 36. Rb4 Nd6 37. Nb2 Ne2 38. Re1 Nc3+ 39. Ka1 Ra8 40. Ba4 Rca6 41. Rc1 Nxa4 42. Nxa4 Rxa4 43. Rxa4 Rxa4 44. Kb2 Kf7 45. Kb3 Ra6 46. a4 Ke7 47. Kb4 Kd7 48. a5 Rc6 49. Ra1 Kc7 50. h4 Kb7 51. h5 Nf7 52. g6 hxg6 53. hxg6 Nh6 54. Rf1 Rd6 55. Rf8 Rd4+ 56. Kc5 Rxd3 57. Re8 Rd7 58. Rxe6 Ng4 59. Kb5 Ka7 60. a6 Nf6 61. Rxe5 Rc7 62. Re6 Nd7 63. e5 Rc5+ 64. Kb4 Rxe5 65. Rxe5 Nxe5 66. Kc5 Nxg6 67. Kd5 Nf8 0-1

[Event "December 12 Early 2023"]
[Site "https://www.chess.com"]
[Date "2023.12.12"]
[Round "2"]
[White "Atakhan, Abtin"]
[Black "Mestnikov, Aisen"]
[Result "1-0"]
[Board "79"]
[TimeControl "180+1"]
[WhiteFideId "22502203"]
[BlackFideId "34130117"]
[WhiteElo "2735"]
[BlackElo "2483"]
[WhiteTeam "IRI"]
[BlackTeam "RUS"]
[WhiteClock "0:01:36"]
[BlackClock "0:00:00"]

1. c4 Nf6 2. Nc3 g6 3. e4 d6 4. d4 Bg7 5. Be2 O-O 6. Be3 e5 7. d5 Na6 8. g4 Nc5 9. f3 a5 10. h4 h5 11. g5 Nfd7 12. Nh3 Nb6 13. Nf2 a4 14. Qd2 Bd7 15. Kf1 c6 16. Rd1 cxd5 17. Nxd5 Nxd5 18. Qxd5 Be6 19. Qxd6 Qxd6 20. Rxd6 Rfc8 21. Kg2 Bf8 22. Rb6 Rc6 23. Rb5 b6 24. Rd1 Be7 25. Rd2 a3 26. b3 Rd8 27. Rxd8+ Bxd8 28. Nd1 Rd6 29. Nc3 Nd3 30. Nd5 Bd7 31. Bxd3 Bxb5 32. cxb5 Kf8 33. Bd2 Ke8 34. Bb4 Rd7 35. Bxa3 Ra7 36. Bc1 Rxa2+ 37. Kg3 Ra1 38. Be3 Ra3 39. Bc4 Ra1 40. Nxb6 Rb1 41. Nd5 Kd7 42. Nc3 Rb2 43. Bxf7 Ba5 44. Nd5 Be1+ 45. Kh3 Rb1 46. Bxg6 Ke6 47. Bxh5 Ba5 48. Bg4+ Kd6 49. Bf5 1-0

[Event "December 12 Early 2023"]
[Site "https://www.chess.com"]
[Date "2023.12.12"]
[Round "2"]
[White "Berezin, Viktor"]
[Black "Mindlin, Alon"]
[Result "0-1"]
[Board "80"]
[TimeControl "180+1"]
[WhiteFideId "14107872"]
[BlackFideId "2800071"]
[WhiteElo "2483"]
[BlackElo "2732"]
[WhiteTeam "UKR"]
[BlackTeam "ISR"]
[WhiteClock "0:00:09"]
[BlackClock "0:02:01"]

1. d4 Nf6 2. c4 e6 3. Nf3 Bb4+ 4. Bd2 Qe7 5. g3 Nc6 6. Bg2 Bxd2+ 7. Nbxd2 d6 8. O-O O-O 9. e4 e5 10. d5 Nb8 11. h3 a5 12. Nh4 Na6 13. a3 Bd7 14. b3 b5 15. Qc2 Rfb8 16. cxb5 Rxb5 17. Rfc1 Nc5 18. Rab1 g6 19. Bf1 Rbb8 20. b4 Ba4 21. Qc4 axb4 22. axb4 Bb5 23. Qc2 Bxf1 24. Kxf1 Na6 25. b5 Nc5 26. Ng2 Ra4 27. f3 Nh5 28. g4 Nf4 29. Nxf4 exf4 30. Nb3 Nxb3 31. Qxb3 Rba8 32. Rb2 Qh4 33. Rg2 Qxh3 34. Kg1 Ra3 35. Qc4 Qxf3 0-1

[Event "December 12 Early 2023"]
[Site "https://www.chess.com"]
[Date "2023.12.12"]
[Round "2"]
[White "Kosteniuk, Alexandra"]
[Black "Grunberg, Mihai-Lucian"]
[Result "1/2-1/2"]
[Board "81"]
[TimeControl "180+1"]
[WhiteFideId "4128125"]
[BlackFideId "1204149"]
[WhiteElo "2730"]
[BlackElo "2468"]
[WhiteTeam "SUI"]
[BlackTeam "ROU"]
[WhiteClock "0:00:06"]
[BlackClock "0:00:12"]

1. Nf3 Nf6 2. g3 g6 3. Bg2 Bg7 4. c4 O-O 5. O-O c5 6. d4 cxd4 7. Nxd4 Nc6 8. Nc2 d6 9. Nc3 Qa5 10. Bd2 Qh5 11. e4 Qxd1 12. Rfxd1 a6 13. h3 Be6 14. b3 Rfc8 15. Ne3 Nd4 16. Ned5 Nxd5 17. exd5 Bd7 18. Rac1 b5 19. Bg5 bxc4 20. b4 Nb5 21. Na4 Rab8 22. Be3 Bf5 23. Nb6 Rxb6 24. Bxb6 Bb2 25. a4 Nc3 26. Rxc3 Bxc3 27. b5 axb5 28. axb5 Rb8 29. Rc1 Rxb6 30. Rxc3 Bd3 31. Bf1 Bxf1 32. Kxf1 Rxb5 33. Rxc4 Rxd5 34. Rc7 e6 35. Ke2 h5 36. h4 Kg7 37. Ke3 Kf6 38. Rd7 Re5+ 39. Kf3 d5 40. Kf4 Re4+ 41. Kf3 Ra4 42. Ke3 Ra6 43. Ke2 Ra4 44. Ke3 Re4+ 45. Kf3 Re5 46. Kf4 Rf5+ 47. Ke3 Kg7 48. f4 Kf8 49. Kd4 Ke8 50. Ra7 e5+ 51. fxe5 Rf3 52. Kxd5 Rd3+ 53. Ke4 Rxg3 54. Ra8+ Ke7 55. Ra7+ Kf8 56. Ra8+ Kg7 57. Ra7 Rg4+ 58. Kd5 Kg8 59. Ra8+ Kg7 60. Ra7 Rf4 61. e6 Kf8 62. Ra8+ Ke7 63. Ra7+ Ke8 64. Ra8+ Ke7 65. Ra7+ Kf8 66. Ra8+ Ke7 1/2-1/2

[Event "December 12 Early 2023"]
[Site "https://www.chess.com"]
[Date "2023.12.12"]
[Round "2"]
[White "Horcajuelo Rocamora, Martin"]
[Black "Matinian, Nikita"]
[Result "0-1"]
[Board "82"]
[TimeControl "180+1"]
[WhiteFideId "24573027"]
[BlackFideId "24129100"]
[WhiteElo "2461"]
[BlackElo "2722"]
[WhiteTeam "ESP"]
[BlackTeam "FID"]
[WhiteClock "0:00:18"]
[BlackClock "0:00:19"]

1. e4 c5 2. Nf3 e6 3. d4 cxd4 4. Nxd4 Nf6 5. Nc3 Nc6 6. Ndb5 Bc5 7. Bf4 e5 8. Bg5 d6 9. Bxf6 gxf6 10. Nd5 Kf8 11. Qd2 h6 12. c3 Be6 13. Nbc7 Rc8 14. b4 Bb6 15. Nxb6 axb6 16. Nd5 Bxd5 17. Qxd5 Ne7 18. Qd2 d5 19. exd5 Qxd5 20. c4 Qe4+ 21. Be2 Qxg2 22. O-O-O Qxf2 23. Rhf1 Qh4 24. Rg1 Qf4 25. Qxf4 exf4 26. Rd7 f3 27. Bd3 Nc6 28. Rxb7 Nxb4 29. Bf5 Rxc4+ 30. Kb2 f2 31. Rf1 Rf4 32. Bb1 Kg7 33. Rxb6 Re8 34. Bc2 Re2 35. Rxb4 Rxb4+ 36. Kc3 Rf4 37. a4 Re1 38. Bd3 Rf3 39. Kd2 Rxd3+ 0-1